 Dungeon Crawl Stone Soup version 0.26-a0-30-g56b8cd3df0 (webtiles) character file.

Game seed: 2195895717626763347, levelgen mode: deterministic

6448 vurker the Thaumaturge (level 10, -10/60 HPs)
             Began as a Deep Elf Wizard on May 29, 2020.
             Was a Follower of Vehumet.
             Mangled by a wolf spider zombie (13 damage)
             ... on level 1 of the Abyss.
             The game lasted 00:24:28 (17792 turns).

vurker the Thaumaturge (Deep Elf Wizard)           Turns: 17792, Time: 00:24:29

Health: -10/60     AC: 11    Str:  4    XL:     10   Next: 67%
Magic:  26/29      EV: 13    Int: 27    God:    Vehumet [*.....]
Gold:   524        SH:  0    Dex: 15    Spells: 31/36 levels left

rFire    + . .     SeeInvis .   o - +3 dagger (venom)
rCold    . . .     Gourm    .   (no shield)
rNeg     . . .     Faith    .   m - +0 steam dragon scales
rPois    .         Spirit   .   u - +0 helmet
rElec    .         Reflect  .   (no cloak)
rCorr    .         Harm     .   s - +1 pair of gloves
MR       +....                  d - +2 pair of boots {run}
Stlth    ++........             (no amulet)
HPRegen  0.20/turn              i - ring of protection from fire
MPRegen  0.21/turn              (no ring)

@: about to teleport, quick
A: agile 1, mutation resistance 1, screaming 1
a: Renounce Religion


You were on level 1 of the Abyss.
You worshipped Vehumet.
Vehumet was aware of your devotion.
You were not hungry.

You visited 2 branches of the dungeon, and saw 11 of its levels.
You visited the Abyss 1 time.

You collected 524 gold pieces.

Inventory:

Hand Weapons
 o - a +3 dagger of venom (weapon)
   (You took it off a goblin on level 2 of the Dungeon)
Armour
 d - a +2 pair of boots of running (worn)
   (You found it on level 4 of the Dungeon)
 m - +0 steam dragon scales (worn)
   (You took it off Maggie on level 6 of the Dungeon)
 s - a +1 pair of gloves (worn)
   (You found it on level 3 of the Dungeon)
 u - a +0 helmet (worn)
   (You found it on level 4 of the Dungeon)
Magical Staves
 B - an uncursed staff of death {unknown}
   (You found it on level 1 of the Abyss)
Jewellery
 a - an uncursed ring of protection from magic
   (You took it off an orc on level 6 of the Dungeon)
 i - a ring of protection from fire (left hand)
   (You found it on level 3 of the Dungeon)
Wands
 t - a wand of flame (15)
   (You took it off an orc on level 4 of the Dungeon)
 x - a wand of acid (9)
   (You took it off Maggie on level 6 of the Dungeon)
Scrolls
 b - a scroll of immolation
 g - 2 scrolls of amnesia
 h - 6 scrolls of remove curse
 j - a scroll of blinking
 k - 4 scrolls of teleportation
 r - a scroll of identify
 v - 2 scrolls of enchant armour
 y - a scroll of fear
 z - a scroll of brand weapon {unknown}
Potions
 c - 2 potions of heal wounds
 f - a potion of brilliance
 l - 4 potions of flight
 n - 2 potions of haste
 p - 6 potions of curing
 q - a potion of invisibility
 w - a potion of magic
Comestibles
 e - 14 rations
 A - 4 chunks of flesh


   Skills:
 + Level 6.0 Fighting
 - Level 2.4 Dodging
 - Level 2.4 Stealth
 * Level 13.5 Spellcasting
 * Level 11.2 Conjurations
 - Level 1.1 Summonings
 - Level 1.1 Translocations


You had 31 spell levels left.
You knew the following spells:

 Your Spells              Type           Power        Failure   Level  Hunger
a - Magic Dart            Conj           ####         1%          1    None
b - Call Imp              Summ           ###.....     3%          2    None
w - Blink                 Tloc           N/A          3%          2    None

Your spell library contained the following spells:

 Spells                   Type           Power        Failure   Level  Hunger
 Sandblast                Erth           ###...       3%          1    None
 Apportation              Tloc           ###...       1%          1    None
 Summon Small Mammal      Summ           ###.         1%          1    None
 Conjure Flame            Conj/Fire      #####...     1%          3    None
 Mephitic Cloud           Conj/Pois/Air  #####...     1%          3    None
 Animate Skeleton         Necr           N/A          3%          1    None
 Corona                   Hex            ###....      3%          1    None
 Pain                     Necr           ###.         3%          1    None
 Slow                     Hex            ###.....     4%          2    None
 Vampiric Draining        Necr           ###.......   9%          3    None
 Animate Dead             Necr           N/A          30%         4    None
 Agony                    Necr           ###.....     63%         5    ##.....


Dungeon Overview and Level Annotations

Branches:
Dungeon (10/15)            Temple (1/1) D:7            Lair (0/6) D:9
    Orc (0/2) D:9

Altars:
Ashenzari
Cheibriados
Dithmenos
Elyvilon
Fedhas
Gozag
Hepliaklqana
Kikubaaqudgha
Makhleb
Nemelex Xobeh
Okawaru
Qazlal
Ru
Sif Muna
Trog
Uskayaw
Vehumet
Wu Jian
Xom
Yredelemnul
Zin
The Shining One

Annotations:
D:10 Sonja


Innate Abilities, Weirdness & Mutations

You are agile. (Dex +2)
You are somewhat resistant to further mutation.
You occasionally shout uncontrollably at your foes.


Message History

A wolf spider zombie assembles itself!
You shout at the wolf spider zombie!
Found 13 arrows.
A metallic apparition takes form in the air.
The wolf spider zombie hits your iron imp.
The wolf spider zombie barely misses your iron imp.
Something hits your iron imp but does no damage.
Something barely misses your iron imp.
Your iron imp completely misses the wolf spider zombie.
The wolf spider zombie hits your iron imp but does no damage.
The wolf spider zombie closely misses your iron imp.
The wolf spider zombie hits your iron imp!
The wolf spider zombie bites your iron imp.
Your iron imp hits the wolf spider zombie but does no damage.
The wolf spider zombie hits your iron imp!
Your iron imp dies!
Found 18 gold pieces.
Found 17 sling bullets.
Found a short smoking staff.
Found a gateway leading deeper into the Abyss.
There is a gateway leading deeper into the Abyss here.
You see here a short smoking staff.
B - a short smoking staff The wolf spider zombie hits you.
The wolf spider zombie bites you but does no damage.
The wolf spider zombie hits you!
The wolf spider zombie bites you but does no damage.
As you read the scroll of teleportation, it crumbles to dust.
You feel strangely unstable.
You feel the power of the Abyss delaying your translocation!
The wolf spider zombie hits you!
* * * LOW HITPOINT WARNING * * *
The wolf spider zombie misses you. The wolf spider zombie hits you!
* * * LOW HITPOINT WARNING * * *
The wolf spider zombie closely misses you.
The wolf spider zombie hits you.
* * * LOW HITPOINT WARNING * * *
The wolf spider zombie barely misses you.
Aim: a wolf spider zombie The magic dart hits the wolf spider zombie!
The wolf spider zombie hits you!
* * * LOW HITPOINT WARNING * * *
The wolf spider zombie bites you but does no damage.
A beastly little devil appears in a puff of frigid air.
The wolf spider zombie hits you!
* * * LOW HITPOINT WARNING * * *
The wolf spider zombie bites you but does no damage.
The wolf spider zombie hits you!
You die...

## # ### #.
#.#.# ## #.
#...#
..#.##..# #
#.#..#.#.##
#...#.5.# #
##.#Z.##...#
#.
#.#@.#....#
#.##.....#..#
..#
#...######..#
##.# ......
##.## .# ##
.# #....# . #
...#..>.##
#.#... ..#
##.. #.####
.# .........#
.#...


You could see a wolf spider zombie and a friendly white imp (summoned).

Vanquished Creatures
  Psyche (D:9)
  Maggie (D:6)
  4 yaks
  A human (D:7)
  3 hogs (D:7)
  Duvessa (D:7)
  A water moccasin (D:6)
  3 orc warriors
  A black bear (D:9)
  A sky beast (D:6)
  2 ice beasts
  4 phantoms
  An ogre (D:9)
  6 centaurs
  2 big kobolds
  A gnoll sergeant (D:7)
  2 bullfrogs (D:8)
  Dowan (D:7)
  A water moccasin skeleton (D:9)
  A scorpion (D:7)
  7 wights
  4 crimson imps
  4 howler monkeys
  3 bullfrog skeletons
  5 hounds
  10 orc wizards
  A centaur zombie (D:8)
  2 jellies
  3 orc priests
  3 iguanas
  4 worker ants
  A killer bee zombie (D:8)
  3 hound skeletons
  Robin (D:3)
  2 gnolls (D:7)
  10 adders
  A shadow imp (D:6)
  An ooze (D:4)
  2 adder zombies
  An adder skeleton (D:10)
  2 worms (D:2)
  8 leopard geckos
  26 orcs
  13 bats
  10 giant cockroaches
  15 goblins
  10 hobgoblins
  11 jackals
  21 kobolds
  2 quokkas
  2 ball pythons
  4 frilled lizards
  A leopard gecko zombie (D:7)
  15 rats
246 creatures vanquished.

Vanquished Creatures (collateral kills)
  Pikel (D:9)
  A troll (D:9)
  2 yaks
  A hungry ghost (D:8)
  Menkaure (D:4)
  A black bear (D:10)
  2 ogres
  A bullfrog (D:6)
  A scorpion (D:6)
  3 orc wizards
  An orc priest (D:9)
  A hound (D:4)
  A worker ant (D:5)
  A hound zombie (D:8)
  A gnoll (D:7)
  3 orcs
  A goblin (D:3)
  A hobgoblin (D:3)
  A kobold (D:8)
25 creatures vanquished.

Vanquished Creatures (others)
  2 yaks (D:9)
  3 slaves (D:9)
  A howler monkey (D:9)
  A bullfrog skeleton (D:9)
  An orc (D:9)
  2 kobolds (D:9)
10 creatures vanquished.

Grand Total: 281 creatures vanquished

Notes
Turn   | Place    | Note
-------+----------+-------------------------------------------
     0 | D:1      | vurker the Deep Elf Wizard began the quest for the Orb.
     0 | D:1      | Reached XP level 1. HP: 10/10 MP: 7/7
   352 | D:1      | Reached XP level 2. HP: 15/15 MP: 6/9
   697 | D:1      | Reached skill level 5 in Spellcasting
   943 | D:1      | Reached XP level 3. HP: 20/20 MP: 9/11
  1614 | D:2      | HP: 1/20 [hobgoblin (2)]
  1943 | D:2      | Found a stormy altar of Qazlal.
  1946 | D:2      | Reached skill level 1 in Fighting
  2224 | D:2      | Learned a level 2 spell: Call Imp
  2227 | D:2      | Learned a level 2 spell: Blink
  2307 | D:2      | Reached XP level 4. HP: 25/25 MP: 11/13
  2812 | D:3      | Found a faded altar of an unknown god.
  3100 | D:3      | Gained mutation: Scrolls take you a little longer to read.
                  | [potion of mutation]
  3100 | D:3      | Gained mutation: You are resistant to electric shocks.
                  | (rElec) [potion of mutation]
  3127 | D:3      | Reached skill level 6 in Spellcasting
  3127 | D:3      | Reached XP level 5. HP: 10/29 MP: 4/15
  3147 | D:3      | Lost mutation: Scrolls take you a little longer to read.
                  | [potion of mutation]
  3147 | D:3      | Lost mutation: You are resistant to electric shocks.
                  | (rElec) [potion of mutation]
  3147 | D:3      | Gained mutation: You occasionally shout uncontrollably at
                  | your foes. [potion of mutation]
  3147 | D:3      | Gained mutation: You are agile. (Dex +2) [potion of
                  | mutation]
  3147 | D:3      | Gained mutation: You are somewhat resistant to further
                  | mutation. [potion of mutation]
  3638 | D:3      | Noticed Robin
  3657 | D:3      | Killed Robin
  3660 | D:3      | HP: 1/30 [orc wizard/puff of frost (14)]
  4469 | D:4      | Reached XP level 6. HP: 34/35 MP: 8/17
  4823 | D:4      | Reached skill level 7 in Spellcasting
  5293 | D:4      | Reached skill level 5 in Conjurations
  5648 | D:4      | Reached XP level 7. HP: 34/40 MP: 14/20
  5731 | D:4      | Noticed Menkaure
  5752 | D:4      | Killed Menkaure
  6059 | D:4      | Identified a +1 pair of boots of running (You found it on
                  | level 4 of the Dungeon)
  6120 | D:5      | Entered Level 5 of the Dungeon
  6259 | D:5      | Reached skill level 8 in Spellcasting
  7320 | D:5      | Reached XP level 8. HP: 31/46 MP: 15/22
  7442 | D:5      | Reached skill level 9 in Spellcasting
  8041 | D:6      | Found a basalt altar of Yredelemnul.
  8646 | D:6      | Found an iron altar of Okawaru.
  9106 | D:6      | Found a sparkling altar of Nemelex Xobeh.
  9130 | D:6      | Reached skill level 10 in Spellcasting
  9539 | D:6      | Found an iron altar of Okawaru.
  9602 | D:6      | Found a sparkling altar of Nemelex Xobeh.
 10019 | D:6      | Found a basalt altar of Yredelemnul.
 10629 | D:7      | Noticed Maggie
 10952 | D:7      | Noticed Duvessa
 11477 | D:6      | Killed Maggie
 11477 | D:6      | Reached XP level 9. HP: 19/52 MP: 14/25
 11806 | D:7      | Noticed Dowan
 11820 | D:7      | Killed Duvessa
 11832 | D:7      | Killed Dowan
 11889 | D:7      | Reached skill level 11 in Spellcasting
 12319 | D:7      | Found a stormy altar of Qazlal.
 12545 | D:7      | Found a staircase to the Ecumenical Temple.
 12555 | Temple   | Entered the Ecumenical Temple
 13134 | D:8      | Reached skill level 5 in Fighting
 13458 | D:8      | Reached skill level 12 in Spellcasting
 14114 | D:8      | Found a shattered altar of Ashenzari.
 14114 | D:8      | Found an ancient bone altar of Kikubaaqudgha.
 14115 | D:8      | Found a radiant altar of Vehumet.
 14115 | D:8      | Found a burning altar of Makhleb.
 14131 | D:8      | Became a worshipper of Vehumet
 14598 | D:9      | Found a staircase to the Lair.
 14612 | D:9      | Reached skill level 10 in Conjurations
 14723 | D:8      | Reached XP level 10. HP: 59/59 MP: 14/28
 15256 | D:9      | Noticed Psyche
 15296 | D:9      | Killed Psyche
 15970 | D:9      | Noticed Pikel
 15982 | D:9      | Killed Pikel
 15982 | D:9      | Reached skill level 13 in Spellcasting
 16127 | D:9      | Reached * piety under Vehumet
 16127 | D:9      | Offered knowledge of Sandblast by Vehumet.
 16684 | D:9      | Found a staircase to the Orcish Mines.
 17242 | D:10     | Entered Level 10 of the Dungeon
 17723 | D:10     | Noticed Sonja
 17724 | D:10     | Cast into level 1 of the Abyss (Sonja)
 17792 | Abyss:1  | HP: 3/60 [wolf spider zombie (10)]
 17792 | Abyss:1  | Mangled by a wolf spider zombie

Illustrated notes

Levels and vault maps discovered:
D:1:      minmay_arrival_glassed_features, layout_basic
D:2:      layout_rooms, overflow_temple_1_default, minmay_octomino_c4
D:3:      layout_basic, chequers_ecumenical_altar_simple_redux, uniq_robin
D:4:      layout_gridville, gup_sewer_entry_bowl, first_ration,
          minmay_a_box_with_orc_wizards_in_it, uniq_menkaure
D:5:      layout_basic
D:6:      layout_basic, marbit_many_paths, basic_altar,
          nemelex_diamond_rough_becter
D:7:      layout_cave_pools, temple_hall, grunt_livestock, grunt_qazlal_clouds,
          uniq_maggie, uniq_duvessa
D:8:      layout_basic, chequers_temple_overflow_statue_of_worship
D:9:      layout_long_grid, lair_entry_dummy, orc_0_dummy, uniq_psyche,
          uniq_pikel
D:10:     layout_loops_ring, uniq_sonja
Temple:   eino_temple_rhombus
Abyss:1:  base:
D:12

Skill      XL: |  1  2  3  4  5  6  7  8  9 10 |
---------------+-------------------------------+-----
Conjurations   | 2 3 4 5 6 8 10 11 | 11.2
Spellcasting   | 5 6 7 8 10 12 13 | 13.5
Fighting       | 1 2 3 4 5 6 |  6.0
Dodging        | |  2.4
Stealth        | |  2.4
Summonings     | |  1.1
Translocations | |  1.1

Action                   |  1- 3 |  4- 6 |  7- 9 | 10-12 || total
-------------------------+-------+-------+-------+-------++-------
Melee: Unarmed           |     4 |       |       |       ||     4
       Dagger            |    21 |    25 |   148 |    52 ||   246
 Cast: Magic Dart        |   121 |   178 |   361 |   222 ||   882
       Call Imp          |       |    11 |    62 |    35 ||   108
Evoke: Wand              |       |       |       |     4 ||     4
  Use: Scroll            |     1 |       |    15 |     4 ||    20
       Potion            |       |     4 |     1 |       ||     5
 Stab: Distracted        |       |       |     1 |       ||     1
       Sleeping          |       |       |     1 |       ||     1
  Eat: Chunk             |     4 |    10 |    12 |     8 ||    34
       Ration            |       |       |     5 |       ||     5
Armor: Robe              |    17 |    14 |    46 |       ||    77
       Steam dragon scal |       |       |    48 |    61 ||   109
Dodge: Dodged            |    70 |    29 |   196 |   105 ||   400

Table legend:
 A = Non-vault XP
 B = Vault XP
 C = Vault XP percentage of total XP
 D = Non-vault monster count
 E = Vault monster count
 F = Vault count percentage of total count
                 A         B        C        D         E       F
            +---------+---------+-------+---------+---------+-------
      Total |    6779 |    2433 |  26.4 |     237 |      35 |  12.9
            +---------+---------+-------+---------+---------+-------
        D:1 |      51 |       0 |   0.0 |      32 |       0 |   0.0
        D:2 |      76 |       9 |  10.6 |      29 |       7 |  19.4
        D:3 |     234 |      35 |  13.0 |      28 |      11 |  28.2
        D:4 |     305 |     158 |  34.1 |      19 |       7 |  26.9
        D:5 |     775 |       0 |   0.0 |      22 |       0 |   0.0
        D:6 |    1066 |     320 |  23.1 |      21 |       1 |   4.5
        D:7 |     562 |     977 |  63.5 |      13 |       7 |  35.0
        D:8 |    1169 |       0 |   0.0 |      27 |       0 |   0.0
        D:9 |    2194 |     934 |  29.9 |      38 |       2 |   5.0
       D:10 |     347 |       0 |   0.0 |       8 |       0 |   0.0
            +---------+---------+-------+---------+---------+-------
